 Dungeon Crawl Stone Soup version 0.31-a0-344-gd109795599 (webtiles) character file.

Game seed: 4097043913505552331

277 arthad the Covered (level 6, -3/56 HPs)
             Began as a Minotaur Fighter on July 21, 2023.
             Shot with an arrow by a centaur (14 damage)
             ... on level 5 of the Dungeon.
             The game lasted 00:06:01 (2154 turns).

arthad the Covered (Minotaur Fighter)               Turns: 2154, Time: 00:06:01

Health: -3/56      AC:  9    Str: 23    XL:     6   Next: 4%
Magic:  5/5        EV:  9    Int:  5    God:
Gold:   113        SH:  4    Dex:  9    Spells: 5/5 levels left

rFire   . . .        a - +0 war axe
rCold   . . .        c - +0 buckler
rNeg    . . .        b - +0 scale mail
rPois   .            (helmet restricted)
rElec   .            p - +0 cloak
rCorr   .            (no gloves)
SInv    +            j - +0 pair of boots
Will    .....        (no amulet) Stlth
                     t - ring of see invisible
HPRegen 0.29/turn    (no ring)
MPRegen 0.09/turn

%: no passive effects
@: no status effects
A: horns 2, retaliatory headbutt
a: no special abilities


You were on level 5 of the Dungeon.
You visited 1 branch of the dungeon, and saw 7 of its levels.

You collected 113 gold pieces.

Inventory:

Hand Weapons
 a - a +0 war axe (weapon)
 g - a +1 sling of flaming
Missiles
 l - 2 poisoned darts (quivered)
Armour
 b - a +0 scale mail (worn)
 c - a +0 buckler (worn)
 j - a +0 pair of boots (worn)
 p - a +0 cloak (worn)
Jewellery
 t - a ring of see invisible (left hand)
Wands
 v - a wand of mindburst (18)
 w - a wand of acid (14)
Scrolls
 e - 2 scrolls of identify
 f - a scroll of poison {unknown}
 k - 2 scrolls of noise
 n - 2 scrolls of fear
 o - a scroll of immolation {unknown}
Potions
 d - a potion of might
 h - a potion of curing
 i - a potion of enlightenment {unknown}
 m - a potion of haste {unknown}
 q - 4 potions of mutation
 r - 2 potions of lignification {unknown}
 u - a potion of heal wounds {unknown}


   Skills:
 + Level 5.1 Fighting
 + Level 4.3 Axes
 + Level 5.1 Armour
 + Level 5.1 Shields


You had 5 spell levels left.
You didn't know any spells.
Your spell library was empty.

Dungeon Overview and Level Annotations

Branches:
Dungeon (7/15)
 Temple: D:4-7

Altars:

Shops:
D:1 =   D:2 (


Innate Abilities, Weirdness & Mutations

You have a pair of horns on your head.
You reflexively headbutt those who attack you in melee.


Message History

As you read the scroll labelled DOT UKOJYMUM VOCK, it crumbles to dust.
You hear a loud clanging noise!
It was a scroll of noise.
You hear a shout!
You hear an angry growl.
The sleepcap releases spores at you.
* * * LOW HITPOINT WARNING * * *
You are engulfed in a cloud of soporific spores!
You fall asleep.
The sleepcap barely misses you. The sleepcap releases spores at you!
You wake up.
* * * LOW HITPOINT WARNING * * *
You are engulfed in a cloud of soporific spores!
You are unaffected.
Unknown command.
Unknown command.
Okay, then.
As you read the scroll labelled HEOMNI AXEDO, it crumbles to dust.
You assume a fearsome visage.
The ogre looks frightened!
The centaur looks frightened!
The adder looks frightened!
The orc looks frightened!
The sleepcap is unaffected.
It was a scroll of fear.
The centaur moans, "Oh dear!
Oh dear!"
The sleepcap releases spores at you but does no damage.
As you read the scroll labelled ONODOF WUITEVI, it crumbles to dust.
You feel strangely unstable.
It was a scroll of teleportation.
The sleepcap releases spores at you but does no damage.
There is a stone staircase leading down here.
Your surroundings suddenly seem different.
An orc and a scorpion come into view.
Found a hand axe and a scroll labelled XYSSECVUTTI.
The orc shouts!
As you read the scroll of teleportation, it crumbles to dust.
You feel strangely unstable.
The scorpion stings you but does no damage. x2
A scorpion comes into view.
The scorpion attacks as you move away!
The scorpion stings you but does no damage.
A sleepcap comes into view.
Your surroundings suddenly seem different.
The centaur shoots an arrow.
The arrow hits you!
You die...

........
.....#
#...#..#
....#
...#..##
#...#
.O#!...##
##...#
†..#c....
#....#
#...#....
#....#
V........
#....#
#O.......
#....#
#'#######
##@..#
#......##.
#...#
+.f.......
c...#
#.>$......
.....#
#.........
.......
#...##.###
..##...##
#...# .#
.S. ##+##
....# .
... #...#


You could see a centaur and an adder (fleeing).

Vanquished Creatures
  A jelly (D:5)
  3 iguanas
  7 gnolls
  4 adders
  4 orcs
  7 endoplasms
  A giant cockroach (D:3)
  2 goblins
  7 hobgoblins
  2 jackals (D:2)
  8 kobolds
  4 quokkas
  5 bats
  2 frilled lizards
  10 rats
67 creatures vanquished.

Notes
Turn   | Place    | Note
-------+----------+-------------------------------------------
     0 | D:1      | arthad the Minotaur Fighter began the quest for the Orb.
     0 | D:1      | Reached XP level 1. HP: 19/19 MP: 0/0
    94 | D:1      | Reached XP level 2. HP: 13/27 MP: 1/1
   193 | D:1      | Found a faded altar of an unknown god.
   293 | D:1      | Found Hohioska's Jewellery Boutique.
   723 | D:2      | Reached XP level 3. HP: 33/33 MP: 2/2
   724 | D:2      | Found Eshaepni's Antique Weapon Shoppe.
  1136 | D:2      | Reached XP level 4. HP: 38/40 MP: 3/3
  1668 | D:3      | Reached XP level 5. HP: 36/47 MP: 4/4
  2078 | D:4      | You fall into a shaft and drop 3 floors!
  2097 | D:6      | Reached skill level 5 in Armour
  2105 | D:5      | Entered Level 5 of the Dungeon
  2110 | D:5      | Reached skill level 5 in Fighting
  2110 | D:5      | Reached skill level 5 in Shields
  2129 | D:5      | Noticed a centaur
  2131 | D:5      | Noticed an ogre
  2132 | D:5      | Reached XP level 6. HP: 27/56 MP: 5/5
  2133 | D:5      | Noticed a vampire
  2134 | D:5      | Noticed a two-headed ogre
  2154 | D:5      | Shot with an arrow by a centaur

Illustrated notes

Levels and vault maps discovered:
D:1:      dpeg_arrival_rhombus, layout_rooms, serial_shops,
          nicolae_diamond_shop, shapermc_ecumenical_altar_petra
D:2:      layout_basic, serial_shops, shop
D:3:      layout_rooms, kennysheep_generic_room_14
D:4:      layout_basic, good_gods_mini_temple, nicolae_overflow_hidden_temple,
          lemuel_temple_firewalk_a, eino_small_chamber_without_monster,
          minmay_hedge_maze, uniq_menkaure, uniq_ijyb
D:5:      cheibrodos_fzero, layout_gridville, uniq_eustachio, uniq_blork_the_orc
D:6:      layout_loops_ring, lemuel_coloured_pillars_altar, serial_shops, shop,
          minmay_starry_boxes
D:7:      layout_basic, gammafunk_ghost_arena

Skill      XL: |  1  2  3  4  5 |
---------------+----------------+-----
Armour         | 4 5 |  5.1
Shields        | 4 5 |  5.1
Fighting       | 4 5 |  5.1
Axes           | 3 4 |  4.3

Action                     |  1- 3 |  4- 6 || total
---------------------------+-------+-------++-------
  Melee: War axe           |    63 |    66 ||   129
         Headbutt          |     6 |    10 ||    16
  Throw: Dart              |     2 |       ||     2
    Use: Scroll            |       |     5 ||     5
         Potion            |       |     1 ||     1
 Armour: Scale mail        |    23 |    41 ||    64
  Dodge: Dodged            |    28 |    35 ||    63
  Block: Buckler           |    22 |    12 ||    34

Table legend: (Time is in decaauts)
 A = Elapsed time spent in this place.
 B = Non-inter-level travel time spent in this place.
 C = Inter-level travel time spent in this place.
 D = Time resting spent in this place.
 E = Time spent auto-exploring this place.
 F = Levels seen in this place.
 G = Mean time per level.
                   A        B        C        D        E       F      G
               +--------+--------+--------+--------+--------+-----+--------+
         Total |   2202 |   2100 |    102 |     79 |   1511 |   7 |  314.6 |
       Dungeon |   2202 |   2100 |    102 |     79 |   1511 |   7 |  314.6 |
               +--------+--------+--------+--------+--------+-----+--------+

Top non-repeatable levels by time:
     D:2: 686 daAuts
     D:1: 660 daAuts
     D:3: 572 daAuts
     D:4: 205 daAuts
     D:5: 46 daAuts
     D:6: 18 daAuts
     D:7: 12 daAuts
